AoeStats
← Yamza

Black Forest

507544955Analyzed
4v4 RM · 13d ago on Sep 18, 2026· 15m 51s· 8 players
Game mode
Random Map
Map size
Large (8 player)
Population
200
Speed
Normal
Resources
Standard
Victory
Conquest
Starting age
Dark Age
Ending age
Imperial Age
RankedLock teamsTeams togetherTeam positionsShared explorationLock speedFull tech treeHidden civsTurbo modeCheats
Victory
Defeat
🇫🇷 Sicilians · France
717
+16
🇺🇸 Goths · United States
692
+17
🇲🇦 Bohemians · Morocco
654
+18
🇮🇹 Italians · Italy
632
+19
🇨🇳 Franks · China
818
-22
🇨🇱 Muisca · Chile
797
-21
🇫🇷 Byzantines · France
715
-18
🇳🇱 Khmer · Netherlands
497
-9
darthfunk85
15:53 Feudal Age
carognavera
9:47 Feudal Age
11:06 Wheelbarrow
10:20 Double-Bit Axe
10:19 Horse Collar
Yamza
1:44 Loom
13:43 Feudal Age
14:02 Man-at-Arms
14:36 Horse Collar
14:44 Double-Bit Axe
MONSTAR36
0:44 Loom
13:22 Feudal Age
14:11 Double-Bit Axe
14:32 Man-at-Arms
Mapuche Mayer
Shah of Persia
9:58 Feudal Age
山猪佩奇y
11:55 Feudal Age
Point and Click
7:45 Loom
13:17 Feudal Age
13:45 Horse Collar
13:54 Double-Bit Axe
Connection lost

Rejoining the realm…

Still unreachable

The connection could not be restored.

Session expired

The server has moved on; the page needs a fresh start.